 Dungeon Crawl Stone Soup version 0.26-a0-642-g67e99244d3 (webtiles) character file.

Game seed: 16716503480847400530

953 PentaManta the Cleaver (level 7, -2/61 HPs)
             Began as a Minotaur Berserker on Sept 21, 2020.
             Was an Elder of Trog.
             Slain by an elf zombie (5 damage)
             ... in an ossuary.
             The game lasted 00:08:40 (5013 turns).

PentaManta the Cleaver (Minotaur Berserker)         Turns: 5013, Time: 00:08:42

Health: -2/61      AC:  6    Str: 28    XL:     7   Next: 90%
Magic:  15/15      EV: 12    Int:  7    God:    Trog [****..]
Gold:   175        SH:  0    Dex:  9    Spells: 6/6 levels left

rFire    . . .     SeeInvis .   w - +5 mace of Disintegration {vorpal, rC+ Str+4 Int+3}
rCold    + + .     Faith    .   (no shield)
rNeg     . . .     Spirit   .   r - +0 ring mail
rPois    .         Reflect  .   (helmet restricted)
rElec    .         Harm     .   (no cloak)
rCorr    .         Rampage  .   (no gloves)
MR       ++...                  (no boots)
Stlth    ..........             (no amulet)
HPRegen  1.20/turn              n - ring of protection from cold
MPRegen  0.14/turn              b - ring of magical power

@: regenerating
A: retaliatory headbutt, horns 2
a: Berserk, Trog's Hand, Brothers in Arms, Renounce Religion


You were in an ossuary.
You worshipped Trog.
Trog was greatly pleased with you.
You visited 2 branches of the dungeon, and saw 6 of its levels.
You also visited: Ossuary.

You collected 175 gold pieces.

Inventory:

Hand Weapons
 a - a +0 hand axe
 d - a +0 rapier of venom
 j - a +1 dagger of venom
 o - a +2 dagger of electrocution
 w - the +5 mace of Disintegration (weapon) {vorpal, rC+ Str+4 Int+3}
   (You found it on level 4 of the Dungeon)

   It inflicts extra damage upon your enemies.
   It affects your strength (+4).
   It affects your intelligence (+3).
   It protects you from cold.
Armour
 p - a +0 chain mail
 r - a +0 ring mail (worn)
Jewellery
 b - a ring of magical power (right hand)
 n - a ring of protection from cold (left hand)
Wands
 k - a wand of polymorph (8)
 y - a wand of random effects (10)
Scrolls
 f - 2 scrolls of fog {unknown}
 g - 3 scrolls of remove curse {unknown}
 l - a scroll of enchant armour {unknown}
 q - 6 scrolls of identify {unknown}
 s - a scroll of immolation {unknown}
 t - 2 scrolls of teleportation {unknown}
Potions
 c - a potion of invisibility {unknown}
 e - 2 potions of mutation {unknown}
 h - a potion of degeneration {unknown}
 i - 4 potions of curing {unknown}
 m - a potion of lignification {unknown}
 u - 2 potions of stabbing {unknown}
 v - a potion of flight {unknown}
 x - a potion of brilliance {unknown}


   Skills:
 + Level 5.4 Fighting
 - Level 8.3(8.7) Axes
 * Level 3.5(6.4) Maces & Flails
 + Level 4.5 Armour
 + Level 4.1 Dodging


You had 6 spell levels left.
You didn't know any spells.
Your spell library was empty.

Dungeon Overview and Level Annotations

Branches:
Dungeon (5/15)             Temple (1/1) D:4         Ossuary (1/1)

Altars:
Dithmenos
Elyvilon
Fedhas
Gozag
Hepliaklqana
Makhleb
Nemelex Xobeh
Qazlal
Ru
Trog
Uskayaw
Vehumet
Wu Jian
Xom
Yredelemnul
Zin
The Shining One

Annotations:
D:4 2 transporters, DogServant's ghost, novice GrEE


Innate Abilities, Weirdness & Mutations

You reflexively headbutt those who attack you in melee.
You have a pair of horns on your head.


Message History

The human zombie hits you but does no damage.
The human zombie hits you.
* * * LOW HITPOINT WARNING * * *
The big kobold zombie hits you but does no damage.
You closely miss the human zombie. You headbutt the human zombie!
You destroy the human zombie!
Trog accepts your kill. The human zombie hits you.
* * * LOW HITPOINT WARNING * * *
The elf zombie hits you.
* * * LOW HITPOINT WARNING * * *
The big kobold zombie hits you.
* * * LOW HITPOINT WARNING * * *
You hit the human zombie. You headbutt the human zombie!
The human zombie is heavily damaged.
The human zombie hits you!
* * * LOW HITPOINT WARNING * * *
The big kobold zombie misses you. You furiously retaliate!
You headbutt the big kobold zombie! The elf zombie hits you.
You die...

..#.......# #...#
..#.......# #...#
..#.......####Z#...#
..#..........Z.#...#
..# #^.# #...# ..#
#^Z# #...# ..# #^.#
#...#
..######..######...#
...............Z@Z.#
.......8..8.....Z..#
...................#
...................#
####################


You could see a big kobold zombie, an elf zombie and a human zombie.

Vanquished Creatures
  Sigmund (D:2)
  2 ogres (D:4)
  A howler monkey (D:4)
  A centaur zombie (Ossuary)
  A human zombie (Ossuary)
  A centaur skeleton (D:4)
  A hound (D:4)
  A jelly (D:5)
  4 orc wizards (D:4)
  Terence (D:2)
  A big kobold zombie (Ossuary)
  2 mummies (Ossuary)
  A hound skeleton (D:4)
  Robin (D:2)
  7 adders
  2 oozes
  5 worms
  A dart slug (D:1)
  8 leopard geckos
  8 orcs
  5 bats
  2 giant cockroaches
  19 goblins
  14 hobgoblins
  9 jackals
  8 kobolds
  2 quokkas (D:2)
  A ball python (D:1)
  7 frilled lizards
  3 gnoll zombies
  8 hobgoblin zombies (Ossuary)
  A jackal zombie (Ossuary)
  10 kobold zombies (Ossuary)
  A leopard gecko skeleton (D:3)
  6 orc zombies (Ossuary)
  11 rats
157 creatures vanquished.

Vanquished Creatures (others)
  5 plants (D:1)
5 creatures vanquished.

Grand Total: 162 creatures vanquished

Notes
Turn   | Place    | Note
-------+----------+-------------------------------------------
     0 | D:1      | PentaManta the Minotaur Berserker began the quest for the
                  | Orb.
     0 | D:1      | Reached XP level 1. HP: 19/19 MP: 0/0
    32 | D:1      | Reached skill level 4 in Axes
   141 | D:1      | Reached XP level 2. HP: 26/26 MP: 1/1
   411 | D:1      | Reached skill level 5 in Axes
   523 | D:1      | Reached XP level 3. HP: 31/31 MP: 2/2
   532 | D:1      | Reached ** piety under Trog
   684 | D:1      | Found a glowing golden altar of the Shining One.
  1381 | D:2      | Noticed Sigmund
  1394 | D:2      | Killed Sigmund
  1394 | D:2      | Reached skill level 7 in Axes
  1394 | D:2      | Reached XP level 4. HP: 39/39 MP: 3/3
  1394 | D:2      | Reached XP level 5. HP: 45/45 MP: 4/4
  1630 | D:2      | Reached skill level 8 in Axes
  1780 | D:2      | Noticed Robin
  1789 | D:2      | Killed Robin
  1789 | D:2      | Reached XP level 6. HP: 48/52 MP: 5/5
  1902 | D:2      | Noticed Terence
  1906 | D:2      | Killed Terence
  2494 | D:3      | Found a radiant altar of Vehumet.
  2611 | D:3      | Found a hide-covered altar of Uskayaw.
  2622 | D:3      | Reached *** piety under Trog
  3145 | D:3      | Found a basalt altar of Yredelemnul.
  3551 | D:4      | Reached XP level 7. HP: 24/60 MP: 6/6
  3572 | D:4      | Got a faintly glowing mace
  3573 | D:4      | Identified the +5 mace of Disintegration {vorpal, rC+ Str+4
                  | Int+3} (You found it on level 4 of the Dungeon)
  3766 | D:4      | Noticed DogServant's ghost (novice GrEE)
  3768 | D:4      | Found a transporter.
  3770 | D:4      | Found a transporter.
  3822 | D:4      | Reached skill level 1 in Maces & Flails
  4159 | D:4      | Reached skill level 5 in Fighting
  4180 | D:4      | Found a staircase to the Ecumenical Temple.
  4191 | Temple   | Entered the Ecumenical Temple
  4686 | D:4      | Found an opulent altar of Gozag.
  4774 | D:5      | Entered Level 5 of the Dungeon
  4778 | D:5      | Found a white marble altar of Elyvilon.
  4830 | D:5      | Found a sand-covered staircase.
  4847 | Ossuary  | Entered an ossuary
  4865 | Ossuary  | Reached **** piety under Trog
  5013 | Ossuary  | HP: 3/61 [human zombie (7)]
  5013 | Ossuary  | Slain by an elf zombie

Illustrated notes

Levels and vault maps discovered:
D:1:      wheals_arrival_linesprint, layout_loops_ring, chequers_big_river,
          tso_metal_star
D:2:      layout_basic, uniq_terence, uniq_robin, uniq_sigmund
D:3:      corexii_shack_village, layout_basic, lemuel_zombie_altar_yredelemnul,
          eat_drink_and_be_merry_uskayaw, overflow_temple_1_default
D:4:      layout_loops_ring, kennysheep_mini, minmay_temple_entry_wispy,
          gammafunk_ghost_smash
D:5:      layout_basic, okawaru_gym_becter, kennysheep_little_box,
          enter_ossuary_3, grunt_tough_drop
Temple:   minmay_temple_bridge_abc
Ossuary:  ossuary_tomb_1

Skill      XL: |  1  2  3  4  5  6  7 |
---------------+----------------------+-----
Axes           | 4 5 7 8 |  8.3
Fighting       | 4 5 |  5.4
Armour         | 3 4 |  4.5
Dodging        | 3 4 |  4.1
Maces & Flails | 3 |  3.5

Action                   |  1- 3 |  4- 6 |  7- 9 || total
-------------------------+-------+-------+-------++-------
Melee: Hand axe          |    74 |   149 |     3 ||   226
       Headbutt          |     9 |    27 |    17 ||    53
       Mace              |       |       |    79 ||    79
Invok: Trog's Hand       |     1 |       |     1 ||     2
       Berserk           |     1 |       |       ||     1
  Use: Scroll            |       |       |     1 ||     1
 Stab: Sleeping          |       |     2 |       ||     2
Armor: Animal skin       |    11 |    17 |       ||    28
       Ring mail         |       |       |    36 ||    36
Dodge: Dodged            |    50 |    78 |    49 ||   177

Table legend: (Time is in decaauts)
 A = Elapsed time spent in this place.
 B = Non-inter-level travel time spent in this place.
 C = Inter-level travel time spent in this place.
 D = Time resting spent in this place.
 E = Time spent auto-exploring this place.
 F = Levels seen in this place.
 G = Mean time per level.
                   A        B        C        D        E       F      G
               +--------+--------+--------+--------+--------+-----+--------+
         Total |   5039 |   4758 |    281 |      5 |   3855 |   7 |  719.9 |
       Dungeon |   4661 |   4402 |    259 |      5 |   3655 |   5 |  932.2 |
        Temple |    206 |    184 |     22 |      0 |    180 |   1 |  206.0 |
       Ossuary |    171 |    171 |      0 |      0 |     20 |   1 |  171.0 |
               +--------+--------+--------+--------+--------+-----+--------+

Top non-repeatable levels by time:
     D:1: 1399 daAuts
     D:2: 1148 daAuts
     D:3: 1047 daAuts
     D:4: 993 daAuts
  Temple: 206 daAuts
 Ossuary: 171 daAuts
     D:5: 73 daAuts
